 Dungeon Crawl Stone Soup version 0.29.1-2-gbd0b4ee654 (webtiles) character file.

Game seed: 8633437233734332439

215050 DildoBatman the Earth Mage (level 19, -23/140 HPs)
             Began as a Formicid Conjurer on Nov 15, 2022.
             Was an Initiate of Gozag.
             Annihilated by a dire elephant (33 damage)
             ... on level 1 of the Vaults.
             The game lasted 01:57:02 (31995 turns).

DildoBatman the Earth Mage (Formicid Conjurer)     Turns: 31995, Time: 01:57:03

Health: -23/140    AC: 13    Str: 11    XL:     19   Next: 74%
Magic:  17/38      EV: 20    Int: 30    God:    Gozag
Gold:   9360       SH: 13    Dex: 24    Spells: 31/48 levels left

rFire   + . .      SeeInvis +   a - +12 flail of Keuriwn {freeze, rPois Dex+4}
rCold   . . .      Faith    .   s - +0 kite shield
rNeg    . . .      Spirit   .   Y - +0 troll leather armour
rPois   +          Reflect  .   (helmet unavailable)
rElec   +          Harm     .   S - +2 cloak {rCorr}
rCorr   +          Rampage  .   o - +1 pair of gloves {Stlth+}
Will    +....                   G - +0 pair of boots "Riffesuek" {rElec rF+ Dex+3}
Stlth   +++.......              m - amulet of magic regeneration
HPRegen 1.13/turn               Z - +4 ring of evasion
MPRegen 0.66/turn               B - +6 ring of intelligence

@: gold aura
A: permanent stasis, dig shafts and tunnels, antennae 3, four strong arms, claws
1, clever 1, wild magic 1, MP-powered wands
}: 1/15 runes: serpentine
a: Dig, Shaft Self, Renounce Religion, Potion Petition, Call Merchant, Bribe
Branch


You were on level 1 of the Vaults.
You worshipped Gozag.
Gozag was greatly pleased with you.
You visited 7 branches of the dungeon, and saw 32 of its levels.
You also visited: Gauntlet and Volcano.

You collected 10701 gold pieces.
You spent 655 gold pieces at shops.
You paid 686 gold pieces to Gozag.

Inventory:

Hand Weapons
 a - the +12 flail of Keuriwn (weapon) {freeze, rPois Dex+4}
   (You found it on level 14 of the Dungeon)

   It freezes those it strikes, dealing additional cold damage.
   It can also slow down cold-blooded creatures.
   Dex:       It affects your dexterity (+4).
   rPois:     It protects you from poison.
 b - a +6 shortbow
 c - the +10 whip "Mosso" {drain, rElec rC- Int+5 SInv}
   (You found it on level 1 of the Vaults)

   A truly terrible weapon, it drains the life of any living foe it strikes.
   Int:       It affects your intelligence (+5).
   rC:        It makes you vulnerable to cold.
   rElec:     It insulates you from electricity.
   SInv:      It lets you see invisible.
 d - the +11 dagger "Unwuoq" {pain, *Rage *Slow Int+2 Dex+10}
   (You took it off a spriggan on level 5 of the Lair of Beasts)

   In the hands of one skilled in necromantic magic, it inflicts extra damage on
   living creatures.
   Int:       It affects your intelligence (+2).
   Dex:       It affects your dexterity (+10).
   *Rage:     It berserks you when you make melee attacks (+20% chance).
   *Slow:     It may slow you when you take damage.
 D - the +3 flail "Ockeill" {vorpal, *Corrode Will+ Str+2 Int+3}
   (You found it on level 4 of the Snake Pit)

   It inflicts extra damage upon your enemies.
   Str:       It affects your strength (+2).
   Int:       It affects your intelligence (+3).
   *Corrode:  It may corrode you when you take damage.
   Will:      It increases your willpower.
Missiles
 i - 11 javelins
 x - 2 throwing nets
 L - 5 silver javelins
Armour
 o - a +1 pair of gloves of stealth (worn)
 s - a +0 kite shield (worn)
 G - the +0 pair of boots "Riffesuek" (worn) {rElec rF+ Dex+3}
   (You found it in a Gauntlet)

   Dex:       It affects your dexterity (+3).
   rF:        It protects you from fire.
   rElec:     It insulates you from electricity.
 S - a +2 cloak of preservation (worn)
 Y - a +0 troll leather armour (worn)
Magical Staves
 P - a staff of air
Jewellery
 j - a ring of flight
 m - an amulet of magic regeneration (around neck)
 y - a ring of ice
 B - a +6 ring of intelligence (right hand)
 J - a +6 ring of intelligence
 M - a ring of willpower
 Z - a +4 ring of evasion (left hand)
Wands
 r - a wand of roots (46)
 Q - a wand of acid (28)
Scrolls
 f - 9 scrolls of fear
 t - a scroll of brand weapon {unknown}
 u - 3 scrolls of immolation {unknown}
 z - 4 scrolls of identify
 C - 2 scrolls of magic mapping
 H - 4 scrolls of poison {unknown}
 I - 10 scrolls of fog
 K - 4 scrolls of enchant armour {unknown}
 N - 5 scrolls of amnesia {unknown}
 O - 8 scrolls of enchant weapon
 T - 3 scrolls of summoning
 U - 3 scrolls of vulnerability {unknown}
 V - 8 scrolls of torment
Potions
 e - 4 potions of resistance
 g - 2 potions of cancellation {unknown}
 h - 13 potions of curing
 k - a potion of lignification {unknown}
 l - 9 potions of might
 n - 5 potions of flight
 q - 4 potions of mutation
 w - 2 potions of ambrosia
 E - 5 potions of magic
 F - 5 potions of brilliance
 R - 13 potions of heal wounds
Miscellaneous
 v - a phantom mirror
 X - a lightning rod (4/4)


   Skills:
 - Level 10.0 Fighting
 - Level 4.0 Maces & Flails
 - Level 10.0 Armour
 - Level 7.0 Dodging
 - Level 2.4 Stealth
 - Level 9.0 Shields
 - Level 15.0 Spellcasting
 - Level 6.0 Conjurations
 * Level 18.6 Necromancy
 * Level 20.6 Earth Magic


You had 31 spell levels left.
You knew the following spells:

 Your Spells              Type           Power      Damage    Failure   Level
a - Borgnjor's Vile Clut  Necr/Erth      55%        N/A       1%          5
b - Magic Dart            Conj           100%       1d8       1%          1
c - Searing Ray           Conj           100%       2d8       1%          2
d - Vampiric Draining     Necr           100%       2d13      1%          3
h - Dispel Undead         Necr           100%       3d31      1%          4
z - Sublimation of Blood  Necr           100%       N/A       1%          2

Your spell library contained the following spells:

 Spells                   Type           Power      Damage    Failure   Level
 Necrotise                Necr           100%       1d9       1%          1
 Agony                    Necr           100%       N/A       1%          5
 Death Channel            Necr           54%        N/A       1%          6
 Anguish                  Hex/Necr       40%        N/A       2%          4
 Shock                    Conj/Air       100%       1d9       3%          1
 Conjure Flame            Conj/Fire      51%        6-21      7%          3
 Dazzling Flash           Conj/Hex       100%       N/A       7%          3
 Freeze                   Ice            100%       1d11      8%          1
 Slow                     Hex            100%       N/A       8%          1
 Sting                    Tmut/Pois      100%       1d8       8%          1
 Mephitic Cloud           Conj/Pois/Air  44%        N/A       11%         3
 Call Imp                 Summ           29%        N/A       12%         2
 Ensorcelled Hibernation  Hex/Ice        58%        N/A       12%         2
 Poisonous Vapours        Pois/Air       58%        N/A       12%         2
 Wereblood                Tmut           29%        N/A       12%         2
 Iskenderun's Battlesphe  Conj           66%        2d12      17%         5
 Fulminant Prism          Conj/Hex       25%        3d14      21%         4
 Hailstorm                Conj/Ice       51%        3d11      21%         4
 Iskenderun's Mystic Bla  Conj/Tloc      51%        2d11      21%         4
 Sticky Flame             Conj/Fire      51%        2d7       21%         4
 Confusing Touch          Hex            29%        N/A       22%         3
 Frozen Ramparts          Ice            58%        1d9       22%         3
 Ignite Poison            Fire/Tmut/Pois 29%        N/A       22%         3
 Spider Form              Tmut/Pois      29%        N/A       22%         3
 Tukima's Dance           Hex            29%        N/A       22%         3
 Borgnjor's Revivificati  Necr           54%        N/A       22%         8
 Infestation              Necr           54%        N/A       22%         8
 Fireball                 Conj/Fire      25%        3d11      47%         5
 Olgreb's Toxic Radiance  Pois           29%        N/A       54%         4
 Freezing Cloud           Conj/Ice/Air   22%        6-21      61%         5
 Haunt                    Necr/Summ      40%        N/A       75%         7
 Summon Forest            Summ/Tloc      14%        N/A       86%         5
 Summon Mana Viper        Hex/Summ       29%        N/A       86%         5
 Conjure Ball Lightning   Conj/Air       25%        3x3d7     95%         6
 Death's Door             Necr           54%        N/A       96%         9
 Orb of Destruction       Conj           33%        9d10      99%         7
 Summon Cactus Giant      Summ           14%        N/A       100%        6
 Enfeeble                 Hex            14%        N/A       100%        7
 Ozocubu's Refrigeration  Ice            14%        4d10      100%        7
 Summon Hydra             Summ           14%        N/A       100%        7
 Ignition                 Fire           14%        3d6       100%        8
 Necromutation            Tmut/Necr      40%        N/A       100%        8
 Polar Vortex             Ice            14%        N/A       100%        9
 Animate Dead             Necr           Unusable   N/A       N/A         4
 Corpse Rot               Necr/Pois/Air  Unusable   N/A       N/A         4
 Simulacrum               Ice/Necr       Unusable   N/A       N/A         6

Dungeon Overview and Level Annotations

Branches:
Dungeon (15/15)            Temple (1/1) D:4            Lair (5/5) D:10
  Swamp (4/4) Lair:3        Snake (4/4) Lair:2        Slime (0/5) Lair:4
    Orc (2/2) D:9             Elf (0/3) Orc:2        Vaults (1/5) D:13
 Depths (0/4) D:15        Volcano (visited)         Gauntlet (visited)

Altars:
Ashenzari
Cheibriados
Dithmenos
Elyvilon
Fedhas
Gozag
Hepliaklqana
Kikubaaqudgha
Makhleb
Nemelex Xobeh
Okawaru
Qazlal
Ru
Sif Muna
Trog
Uskayaw
Vehumet
Wu Jian
Xom
Yredelemnul
Zin
The Shining One
Jiyva
Lugonu

Shops:
D:2 =   D:6 **   Orc:2 [=**   Snake:2 !

Portals:
Abyss: Lair:5
Pandemonium: Orc:2

Annotations:
D:5 exclusion: balrug
Swamp:4 exclusion: azure jelly
Vaults:1 exclusion: orange crystal statue


Innate Abilities, Weirdness & Mutations

You cannot be hasted, slowed, berserked, paralysed or teleported.
You can dig through walls and to a lower floor.
You have a pair of large antennae on your head. (SInv)
Your four strong arms can wield two-handed weapons with a shield.
You have sharp fingernails.
Your mind is acute. (Int +4, Str/Dex -1)
Your spells are a little harder to cast, but a little more powerful.
You expend magic power (3 MP) to strengthen your wands.


Message History

The zombie hands constrict the dire elephant, but do no damage.
The dire elephant tramples you but does no damage.
You block the dire elephant's attack.
The dire elephant completely misses you.
You block the dire elephant's attack.
The dire elephant tramples you but does no damage.
The dire elephant trunk-slaps you but does no damage.
Casting: Borgnjor's Vile Clutch (mildly dangerous; 1% risk of failure)
Confirm with . or Enter, or press ? or * to list all spells.
Aiming: Borgnjor's Vile Clutch (mildly dangerous; 1% risk of failure)
Press: ? - help, Shift-Dir - straight line, f - dire elephant, p - dire elephant
Aim: a dire elephant (100% to hit)
Zombie hands grab the dire elephant.
The zombie hands constrict the dire elephant. x2
The zombie hands constrict the dire elephant!
The dire elephant tramples you!!
You hold your ground!
The dire elephant trunk-slaps you but does no damage.
The dire elephant tramples you.
You hold your ground!
The dire elephant completely misses you.
The dire elephant tramples you.
You hold your ground!
The dire elephant closely misses you.
Casting: Borgnjor's Vile Clutch (mildly dangerous; 1% risk of failure)
Confirm with . or Enter, or press ? or * to list all spells.
Aiming: Vampiric Draining (safe; 1% risk of failure)
Press: ? - help, Shift-Dir - straight line, f/p - dire elephant
Aim: a dire elephant (constricted by zombie hands)
You draw life force from the dire elephant!
You feel life coursing into your body!
The zombie hands constrict the dire elephant! x2
You kill the dire elephant!
The zombie hands constrict the dire elephant!
The dire elephant tramples you!!
You hold your ground!
The dire elephant trunk-slaps you. The dire elephant tramples you!!
You die...
Your body crumbles into a pile of gold.

{J{..#....#..#))..#
J{ Y.#####'..Y#####
#.......)....#
#............#
#####'..Y#####
#....#..#....#
#....#..#....#
#....#..#.$Y.#
#....#..#.Y@.#
##########+##########
#.............
#.............
#.............
#####.............
#...#....#'#####.
#...#....#.....#
#...#....#..>..#


You could see 3 dire elephants.

Vanquished Creatures
  2 quicksilver dragons (Snake:4)
  A thorn hunter (Swamp:3)
  A tengu reaver (D:11)
  3 nagarajas
  A frost giant (D:11)
  2 vault wardens (Vaults:1)
  2 ironbound thunderhulks (Vaults:1)
  Azrael (D:13)
  4 eleionomae
  A bunyip (Swamp:4)
  A dire elephant (Vaults:1)
  A minotaur (Gauntlet)
  A fire dragon (D:14)
  2 shambling mangroves
  A yaktaur captain (Vaults:1)
  17 hydras
  A vault guard (D:13)
  An ice dragon (Swamp:4)
  2 boulder beetles
  A salamander tyrant (Snake:4)
  A ghost crab (Swamp:2)
  2 ironbound frosthearts (Vaults:1)
  2 demonspawn (Orc:2)
  11 anacondas
  7 alligators
  5 death yaks (Lair:5)
  3 alligator snapping turtles (Snake:1)
  15 centaur warriors
  2 two-headed ogres (shapeshifter)
  An anaconda (shapeshifter) (D:15)
  9 naga warriors
  3 thrashing horrors (Lair:5)
  7 orc high priests
  Urug (D:11)
  The ghost of Henri the Unseen, a journeyman VSEn of Wu Jian (D:9)
  13 naga sharpshooters
  4 shock serpents
  2 large abominations (Lair:5)
  A sun demon (Orc:2)
  A salamander mystic (Snake:4)
  5 spriggan druids
  5 sea snakes
  2 ironbound convokers (Vaults:1)
  4 goliath frogs
  2 deep trolls (D:15)
  A death drake (Gauntlet)
  2 wizards (Gauntlet)
  A deep elf archer (Volcano)
  5 naga ritualists
  2 bog bodies (Swamp:2)
  A wolf spider zombie (Gauntlet)
  6 orc knights
  2 necromancers (D:15)
  15 mana vipers
  7 deep elf pyromancers
  23 ugly things
  10 orc sorcerers
  6 will-o-the-wisps
  5 cyclopes
  A worldbinder (Gauntlet)
  12 salamanders
  3 manticores
  37 black mambas
  4 vault sentinels (Vaults:1)
  12 naga magi
  7 cane toads
  2 smoke demons (Lair:5)
  12 guardian serpents
  An orange demon (Orc:2)
  4 molten gargoyles (D:10)
  2 rime drakes
  A spectral redback (Gauntlet)
  A kobold demonologist (D:14)
  An efreet (D:14)
  A torpor snail (Lair:5)
  13 komodo dragons
  8 yaktaurs
  4 freezing wraiths (Swamp:4)
  Psyche (D:11)
  6 unseen horrors
  An ancient zyme (Lair:5)
  12 trolls
  3 meliai (D:15)
  A troll (shapeshifter) (Lair:5)
  3 bloated husks
  A hellwing (Orc:2)
  2 polar bears
  14 hornets
  8 tyrant leeches
  6 slime creatures (Vaults:1)
  31 blink frogs
  3 snapping turtles (Snake:1)
  5 flying skulls (Gauntlet)
  Sigmund (D:5)
  A centaur simulacrum (D:11)
  14 spriggans
  2 wraiths
  A vampire (D:9)
  3 wyverns
  2 ynoxinuls
  A shadow (D:11)
  21 yaks
  9 fire elementals
  7 basilisks
  2 chaos spawn
  4 steam dragons
  8 redbacks (D:12)
  16 vampire mosquitoes
  5 swamp worm simulacra (Swamp:4)
  3 wargs
  35 nagas
  9 swamp worms
  3 hydra simulacra (Swamp:4)
  3 acid dragons
  9 hell hounds
  2 swamp drakes
  14 water moccasins
  46 orc warriors
  2 sky beasts
  2 black bears
  3 ice beasts
  An ogre (shapeshifter) (D:15)
  7 ogres
  2 boggarts (Gauntlet)
  8 small abominations (Lair:5)
  11 wolves
  5 centaurs
  4 kobold brigands
  15 bullfrogs
  2 gnoll sergeants
  A scorpion (D:4)
  7 wights
  5 killer bees (D:9)
  2 howler monkeys
  5 electric eels
  A lava snake (D:10)
  32 orc priests
  5 gnoll boudas
  7 hounds
  2 iron imps (Gauntlet)
  A boggart zombie (Gauntlet)
  Ijyb (D:5)
  An iguana (D:8)
  17 orc wizards
  27 gnolls
  12 adders
  4 shadow imps
  3 white imps
  3 swamp drake simulacra (Swamp:4)
  3 dart slugs
  104 orcs
  7 endoplasms
  A giant cockroach (D:1)
  4 goblins
  3 hobgoblins
  2 quokkas
  13 ball pythons
  8 bats
  12 frilled lizards
  25 kobolds
  5 rats
1070 creatures vanquished.

Vanquished Creatures (others)
  26 foxfires
  14 fungi
  26 plants
66 creatures vanquished.

Grand Total: 1136 creatures vanquished

Notes
Turn   | Place    | Note
-------+----------+-------------------------------------------
     0 | D:1      | DildoBatman the Formicid Conjurer began the quest for the
                  | Orb.
     0 | D:1      | Reached XP level 1. HP: 13/13 MP: 3/3
   108 | D:1      | Reached XP level 2. HP: 19/19 MP: 0/5
   111 | D:1      | Learned a level 2 spell: Searing Ray
   371 | D:1      | Found a faded altar of an unknown god.
   644 | D:1      | Reached XP level 3. HP: 15/24 MP: 6/6
  1031 | D:2      | Reached XP level 4. HP: 30/30 MP: 5/7
  1086 | D:2      | Found Efikhlesh's Jewellery Shop.
  1098 | D:2      | Reached skill level 5 in Conjurations
  1354 | D:2      | Reached XP level 5. HP: 35/35 MP: 4/8
  1816 | D:3      | Found a bloodstained altar of Trog.
  1842 | D:3      | Found a shimmering blue altar of Sif Muna.
  1846 | D:3      | Got Sif Muna's Codex of Lightning
  2785 | D:4      | Reached skill level 1 in Fighting
  2785 | D:4      | Reached skill level 1 in Armour
  2785 | D:4      | Reached XP level 6. HP: 43/43 MP: 3/9
  2786 | D:4      | Noticed a sky beast
  2840 | D:4      | Killed a sky beast
  2899 | D:4      | Found a staircase to the Ecumenical Temple.
  2908 | Temple   | Entered the Ecumenical Temple
  3122 | Temple   | Became a worshipper of Kikubaaqudgha
  3216 | D:4      | You fall into a shaft and drop 1 floor!
  3216 | D:5      | Entered Level 5 of the Dungeon
  3220 | D:5      | Noticed an ice beast
  3229 | D:5      | Killed an ice beast
  3230 | D:5      | Reached XP level 7. HP: 33/50 MP: 5/11
  3232 | D:5      | Found a broken altar of Ashenzari.
  3274 | D:5      | Noticed Ijyb
  3284 | D:5      | Killed Ijyb
  3313 | D:5      | Found an iron altar of Okawaru.
  3404 | D:5      | Noticed Sigmund
  3408 | D:5      | Killed Sigmund
  3502 | D:5      | Reached skill level 5 in Spellcasting
  3545 | D:5      | Reached XP level 8. HP: 46/58 MP: 12/15
  3598 | D:5      | Reached * piety under Kikubaaqudgha
  3598 | D:5      | Received a gift from Kikubaaqudgha
  3603 | D:5      | Learned a level 2 spell: Sublimation of Blood
  3718 | D:4      | Found a sparkling altar of Nemelex Xobeh.
  4460 | D:5      | Found a burning altar of Makhleb.
  4462 | D:5      | Noticed a balrug
  4467 | D:5      | Noticed a ynoxinul
  4704 | D:6      | Found Daoclul's Gadget Gallery.
  4951 | D:6      | Reached ** piety under Kikubaaqudgha
  4968 | D:6      | Found Busant's Elemental Accessories.
  4992 | D:6      | Reached XP level 9. HP: 37/65 MP: 10/19
  5219 | D:6      | Found a glowing golden altar of the Shining One.
  5531 | D:7      | Reached skill level 5 in Fighting
  5531 | D:7      | Reached skill level 5 in Armour
  5531 | D:7      | Reached skill level 1 in Shields
  5629 | D:7      | Reached skill level 5 in Shields
  6866 | D:8      | Reached *** piety under Kikubaaqudgha
  6866 | D:8      | Received a gift from Kikubaaqudgha
  6959 | D:8      | Learned a level 5 spell: Borgnjor's Vile Clutch
  6964 | D:8      | Learned a level 4 spell: Dispel Undead
  7116 | D:8      | Reached XP level 10. HP: 60/70 MP: 11/20
  7210 | D:8      | Found a white marble altar of Elyvilon.
  7432 | D:8      | Noticed a komodo dragon
  7447 | D:8      | Killed a komodo dragon
  7448 | D:8      | Reached skill level 1 in Necromancy
  7448 | D:8      | Reached skill level 2 in Earth Magic
  7572 | D:8      | Found a snail-covered altar of Cheibriados.
  7660 | D:9      | Noticed Henri's ghost (journeyman VSEn)
  7663 | D:9      | Found a transporter.
  7670 | D:9      | Noticed a green ugly thing
  7708 | D:9      | Reached skill level 3 in Earth Magic
  7740 | D:9      | Found a transporter.
  7774 | D:9      | Reached skill level 4 in Earth Magic
  7919 | D:9      | Reached skill level 5 in Earth Magic
  7948 | D:9      | Reached **** piety under Kikubaaqudgha
  8014 | D:9      | Reached skill level 5 in Necromancy
  8014 | D:9      | Reached skill level 6 in Earth Magic
  8341 | D:9      | Found a staircase to the Orcish Mines.
  8586 | D:9      | Reached skill level 7 in Earth Magic
  8594 | D:9      | Reached XP level 11. HP: 62/79 MP: 10/21
  8681 | D:9      | Found a sacrificial altar of Ru.
  8721 | D:9      | Found a basalt altar of Yredelemnul.
  8873 | D:10     | Entered Level 10 of the Dungeon
  8982 | D:10     | Identified the +4 ring mail "Dampoess" {Int+4}
  9146 | D:10     | Found a staircase to the Lair.
  9280 | D:10     | Reached skill level 8 in Earth Magic
  9803 | D:10     | Reached skill level 9 in Earth Magic
  9919 | D:10     | Identified the +5 ring mail of the Untouchables {rF- rN+++
                  | Dex-4 SInv}
 10040 | Orc:1    | Entered Level 1 of the Orcish Mines
 10212 | Orc:1    | Noticed an orc knight
 10217 | Orc:1    | Noticed an orc sorcerer
 10227 | Orc:1    | Killed an orc sorcerer
 10252 | Orc:1    | Killed an orc knight
 10252 | Orc:1    | Reached ***** piety under Kikubaaqudgha
 10335 | Orc:1    | Reached XP level 12. HP: 65/86 MP: 15/22
 10336 | Orc:1    | Found a dark tunnel.
 10343 | Volcano  | Entered a volcano
 10363 | Volcano  | Reached skill level 10 in Earth Magic
 10425 | Volcano  | Reached skill level 10 in Necromancy
 10550 | Volcano  | Reached skill level 11 in Earth Magic
 10753 | Orc:1    | Found a shimmering altar of Xom.
 10838 | Orc:1    | Noticed a sun demon
 10933 | Orc:1    | Noticed an orc high priest
 10947 | Orc:1    | Killed an orc high priest
 10948 | Orc:1    | Reached skill level 12 in Earth Magic
 11091 | Orc:2    | Entered Level 2 of the Orcish Mines
 11509 | Orc:2    | Found a staircase to the Elven Halls.
 11580 | Orc:2    | Reached XP level 13. HP: 91/91 MP: 17/24
 11582 | Orc:2    | Reached ****** piety under Kikubaaqudgha
 11586 | Orc:2    | Received a gift from Kikubaaqudgha
 11587 | Orc:2    | Fell from the grace of Kikubaaqudgha
 11820 | Temple   | Became a worshipper of Gozag Ym Sagoz the Greedy
 12191 | Orc:2    | Found Oboumorr's General Store.
 12199 | Orc:2    | Found Muk Zuil's General Store.
 12544 | Orc:2    | Noticed a demonspawn
 12586 | Orc:2    | Killed a demonspawn
 12728 | Orc:2    | Reached skill level 5 in Dodging
 12733 | Orc:2    | Noticed a demonspawn
 12757 | Orc:2    | Killed a demonspawn
 12825 | Orc:2    | Found Zougaol's Antique Armour Boutique.
 12825 | Orc:2    | Found Xeyrphum's Jewellery Shop.
 12826 | Orc:2    | Found a one-way gate leading to the halls of Pandemonium.
 13172 | D:11     | Noticed a seven-headed hydra
 13179 | D:11     | Killed a seven-headed hydra
 13311 | D:11     | Noticed Urug
 13321 | D:11     | Killed Urug
 13368 | D:11     | Noticed a tengu reaver
 13368 | D:11     | Noticed a frost giant
 13368 | D:11     | Noticed a centaur warrior
 13408 | D:11     | Killed a tengu reaver
 13409 | D:11     | Reached XP level 14. HP: 48/103 MP: 20/27
 13470 | D:11     | Reached skill level 10 in Spellcasting
 13537 | D:11     | Killed a frost giant
 13998 | D:11     | Noticed Psyche
 14001 | D:11     | Killed Psyche
 14260 | Lair:1   | Entered Level 1 of the Lair of Beasts
 15579 | Lair:2   | Found a staircase to the Snake Pit.
 15894 | Lair:3   | Found a gate leading to a gauntlet.
 15898 | Lair:3   | Found a staircase to the Swamp.
 15991 | Gauntlet | Entered a Gauntlet
 15991 | Gauntlet | Found a transporter.
 16001 | Gauntlet | Found a transporter.
 16004 | Gauntlet | Found a transporter.
 16005 | Gauntlet | Found a transporter.
 16016 | Gauntlet | Found a transporter.
 16017 | Gauntlet | Found a transporter.
 16021 | Gauntlet | Found a transporter.
 16026 | Gauntlet | Found a transporter.
 16028 | Gauntlet | Found a transporter.
 16029 | Gauntlet | Found a transporter.
 16038 | Gauntlet | Found a transporter.
 16040 | Gauntlet | Found a transporter.
 16041 | Gauntlet | Found a transporter.
 16049 | Gauntlet | Found a transporter.
 16225 | Gauntlet | Reached skill level 10 in Armour
 16226 | Gauntlet | Reached skill level 10 in Fighting
 16269 | Gauntlet | HP: 4/110 [wolf spider zombie (4)]
 16286 | Gauntlet | Identified the +0 pair of boots "Riffesuek" {rElec rF+
                  | Dex+3}
 16392 | Gauntlet | Noticed a minotaur
 16405 | Gauntlet | Killed a minotaur
 16566 | Lair:3   | You fall into a shaft and drop 2 floors!
 16566 | Lair:5   | Entered Level 5 of the Lair of Beasts
 16888 | Lair:4   | Reached XP level 15. HP: 115/115 MP: 7/29
 17125 | Lair:3   | Found the +8 whip "Snakebite" {venom, curare, rPois}
 17985 | Lair:4   | Was forgiven by Kikubaaqudgha
 18085 | Lair:4   | Found a viscous altar of Jiyva.
 18094 | Lair:4   | Found a staircase to the Slime Pits.
 18581 | Lair:5   | Reached skill level 13 in Earth Magic
 18721 | Lair:5   | Learned a level 3 spell: Vampiric Draining
 19306 | Lair:5   | Identified the +11 dagger "Unwuoq" {pain, *Rage *Slow Int+2
                  | Dex+10}
 19440 | Lair:5   | Reached skill level 14 in Earth Magic
 19491 | Lair:5   | Found a corrupted altar of Lugonu.
 19491 | Lair:5   | Found a one-way gate to the infinite horrors of the Abyss.
 19537 | Lair:5   | Identified the +3 rapier "Liosant" {drain, rElec Will+
                  | Int+4}
 20146 | D:12     | Reached XP level 16. HP: 122/122 MP: 28/32
 21021 | D:13     | Noticed Azrael
 21034 | D:13     | Killed Azrael
 21088 | D:13     | Found a gate to the Vaults.
 21765 | D:14     | Reached skill level 15 in Earth Magic
 21769 | D:14     | Identified the +1 robe of a Hundred Queens {Stlth+}
 22014 | D:14     | Identified the +12 flail of Keuriwn {freeze, rPois Dex+4}
 22095 | D:15     | Entered Level 15 of the Dungeon
 22165 | D:15     | Noticed a storm dragon
 22165 | D:15     | a six-headed hydra changed into a storm dragon
 22165 | D:15     | a storm dragon changed into an entropy weaver
 22406 | D:15     | Found a staircase to the Depths.
 22437 | D:15     | Got the Precepts of Ensorcelling and Vitiation
 22879 | Snake:1  | Entered Level 1 of the Snake Pit
 23047 | Snake:1  | Reached skill level 1 in Maces & Flails
 23067 | Snake:1  | Reached XP level 17. HP: 60/128 MP: 32/34
 23222 | Snake:1  | Reached skill level 16 in Earth Magic
 23315 | Snake:1  | Reached skill level 15 in Necromancy
 24724 | Snake:2  | Found Faidew's Distillery.
 24732 | Snake:2  | Bought a potion of resistance for 130 gold pieces
 24732 | Snake:2  | Bought a potion of mutation for 104 gold pieces
 24732 | Snake:2  | Bought a potion of resistance for 130 gold pieces
 24732 | Snake:2  | Bought a potion of magic for 104 gold pieces
 24732 | Snake:2  | Gained mutation: You have sharp toenails. [potion of
                  | mutation]
 24732 | Snake:2  | Lost mutation: You have sharp toenails. [potion of
                  | mutation]
 24732 | Snake:2  | Gained mutation: You have large cloven feet. [potion of
                  | mutation]
 24733 | Snake:2  | Lost mutation: You have large cloven feet. [potion of
                  | mutation]
 24733 | Snake:2  | Gained mutation: You have large cloven feet. [potion of
                  | mutation]
 24733 | Snake:2  | Gained mutation: You are dopey. (Int -2) [potion of
                  | mutation]
 24733 | Snake:2  | Lost mutation: You are dopey. (Int -2) [potion of mutation]
 24734 | Snake:2  | Lost mutation: You have large cloven feet. [potion of
                  | mutation]
 24734 | Snake:2  | Gained mutation: You are somewhat resistant to further
                  | mutation. [potion of mutation]
 24734 | Snake:2  | Gained mutation: You have large cloven feet. [potion of
                  | mutation]
 24735 | Snake:2  | Lost mutation: You have large cloven feet. [potion of
                  | mutation]
 24735 | Snake:2  | Lost mutation: You are somewhat resistant to further
                  | mutation. [potion of mutation]
 24735 | Snake:2  | Gained mutation: Your body sometimes deteriorates upon
                  | taking damage. [potion of mutation]
 24735 | Snake:2  | Gained mutation: You are partially covered in iridescent
                  | scales. (AC +2) [potion of mutation]
 24937 | Snake:2  | Lost mutation: You are partially covered in iridescent
                  | scales. (AC +2) [potion of mutation]
 24937 | Snake:2  | Lost mutation: Your body sometimes deteriorates upon taking
                  | damage. [potion of mutation]
 24937 | Snake:2  | Gained mutation: You are clumsy. (Dex -2) [potion of
                  | mutation]
 25226 | Snake:3  | Reached skill level 17 in Earth Magic
 25358 | Snake:3  | Identified the +0 scale mail "Baugim" {rC+ rCorr}
 25420 | Snake:3  | HP: 5/128 [poisoned by a naga ritualist (toxic radiance)]
 25428 | Snake:3  | Reached XP level 18. HP: 26/134 MP: 12/36
 26117 | Snake:4  | Entered Level 4 of the Snake Pit
 26269 | Snake:4  | Reached skill level 15 in Spellcasting
 26346 | Snake:4  | Noticed a quicksilver dragon
 26352 | Snake:4  | Noticed a quicksilver dragon
 26413 | Snake:4  | Killed a quicksilver dragon
 26451 | Snake:4  | Reached skill level 18 in Earth Magic
 26551 | Snake:4  | Killed a quicksilver dragon
 26689 | Snake:4  | Got a serpentine rune of Zot
 26947 | Snake:4  | Identified the +3 flail "Ockeill" {vorpal, *Corrode Will+
                  | Str+2 Int+3}
 27241 | Snake:4  | Lost mutation: You are clumsy. (Dex -2) [potion of
                  | mutation]
 27241 | Snake:4  | Gained mutation: Your mind is acute. (Int +4, Str/Dex -1)
                  | [potion of mutation]
 27241 | Snake:4  | Gained mutation: Your spells are a little harder to cast,
                  | but a little more powerful. [potion of mutation]
 27241 | Snake:4  | Gained mutation: You have sharp fingernails. [potion of
                  | mutation]
 27241 | Snake:4  | Gained mutation: You expend magic power (3 MP) to
                  | strengthen your wands. [potion of mutation]
 27557 | Snake:3  | You fall into a shaft and drop 1 floor!
 27854 | Orc:2    | Bought a runed cloak for 187 gold pieces
 28037 | D:9      | Killed Henri's ghost
 28308 | Swamp:1  | Entered Level 1 of the Swamp
 28668 | Swamp:1  | Reached skill level 19 in Earth Magic
 29055 | Swamp:2  | Reached XP level 19. HP: 140/140 MP: 21/38
 29408 | Swamp:2  | You fall into a shaft and drop 1 floor!
 30155 | Swamp:4  | Entered Level 4 of the Swamp
 30354 | Swamp:4  | Reached skill level 20 in Earth Magic
 31177 | Vaults:1 | Entered Level 1 of the Vaults
 31260 | Vaults:1 | Identified the +10 whip "Mosso" {drain, rElec rC- Int+5
                  | SInv}
 31995 | Vaults:1 | Annihilated by a dire elephant

Illustrated notes

Levels and vault maps discovered:
D:1:      lemuel_arrival_hallway, layout_loops_ring,
          ebering_ecumenical_altar_box, minivault_4, patterned_corridor
D:2:      layout_basic, serial_shops, nicolae_shop_trees, minmay_snake_closets
D:3:      layout_basic, nzn_overflow_gifts_of_might_and_magic
D:4:      layout_rooms, kennysheep_mini_moat, temple_fountains
D:5:      layout_loops_ring, lemuel_round_altar, evilmike_ruin_ashenzari,
          makhleb_altar_promises_db, uniq_sigmund, uniq_ijyb
D:6:      layout_loops_ring, overflow_temple_1_default, nicolae_elemental_shop,
          nicolae_shop_gadgets, uniq_blork_the_orc
D:7:      layout_basic
D:8:      layout_basic, lemuel_coloured_pillars_altar, kennysheep_mini,
          minmay_lizard_king
D:9:      layout_roguey, nicolae_ru_the_path_less_chosen,
          general_overflow_altar, david_orc_5, nzn_ghost_randoct,
          serial_bayou_pond_c, minivault_16
D:10:     layout_gridville, erik_lair_island, minivault_8
D:11:     layout_basic, wad_scary_box, uniq_psyche, uniq_urug
D:12:     layout_rooms, serial_glass, glass_columns_b, glass_columns_b,
          glass_columns_b, glass_columns_a, glass_columns_a, glass_columns_a,
          glass_columns_c, glass_columns_b, drop_trap
D:13:     layout_grid_maze, david_vaults_5, special_room [special_room_orc],
          uniq_azrael
D:14:     layout_cave_pools
D:15:     hangedman_depths_entry_civil_slaughter, layout_basic, chequers_jeans,
          lemuel_flamethrower_2
Temple:   nicolae_temple_bog_church
Lair:1:   layout_gridlike
Lair:2:   layout_hall_layers, minmay_snake_entry_guardpost_medium
Lair:3:   minmay_guarded_unrand_snakebite, layout_chaotic_city, swamp_mist,
          gauntlet_entry_generic, grunt_megastairs_4
Lair:4:   layout_cave_pods, slime_entry_1, minmay_hedge_maze,
          hibernation_bobbens
Lair:5:   hellmonk_lair_end_abyssal_woods, layout_gridlike, serial_bayou_pond_d,
          minmay_shattered_shrine, serial_bayou_shore_b
Swamp:1:  layout_falls_marsh, hangedman_swamp_ruin_wall, swamp_pool1
Swamp:2:  layout_basic_swamp, evilmike_swamp_ruin_house_1
Swamp:3:  layout_basic_swamp, evilmike_swamp_ruin_house_5
Swamp:4:  swamp_icy, layout_basic_swamp
Snake:1:  layout_onion_interference, nicolae_snake_herptile_family_reunion
Snake:2:  layout_rooms, serial_shops, nicolae_shop_statue_plus,
          nicolae_snake_yet_another_twisty_hallway
Snake:3:  layout_cave_town, grunt_ministairs_5
Snake:4:  hellmonk_snake_rune_quicksilver_temple, layout_cave_town,
          serial_bayou_shore_a
Orc:1:    layout_caves, basic_altar, enter_volcano_3
Orc:2:    pf_orc_diabolical, layout_caves
Vaults:1: nicolae_vaults_network_quinsquares
          [nicolae_vaults_network_quincunx_subvault,
          nicolae_vaults_network_quincunx_subvault,
          nicolae_vaults_network_quincunx_subvault,
          nicolae_vaults_network_quincunx_subvault],
          nicolae_vaults_statue_guard, v_pattern_5, vaults_room_pools,
          v_misc_28, hangedman_vaults_hat, hangedman_vaults_slice,
          nicolae_vaults_shelves_hall, hangedman_vaults_nails,
          nicolae_vaults_little_squares_3, nicolae_vaults_ring_of_whatevers,
          layout_vaults_omnicross, uniq_donald

Skill      XL: |  1  2  3  4  5  6  7  8  9 10 11 12 13 14 15 16 17 18 19 |
---------------+----------------------------------------------------------+-----
Conjurations   | 4 5 6 |  6.0
Fighting       | 1 2 3 4 5 7 10 | 10.0
Armour         | 1 2 3 4 5 7 10 | 10.0
Dodging        | 2 3 5 7 |  7.0
Spellcasting   | 3 5 6 7 9 10 12 13 14 15 | 15.0
Shields        | 8 9 |  9.0
Necromancy     | 5 9 12 13 14 16 17 18 | 18.6
Earth Magic    | 7 9 12 14 15 17 19 20 | 20.6
Maces & Flails | 1 4 |  4.0
Stealth        | |  2.4

Action                   |  1- 3 |  4- 6 |  7- 9 | 10-12 | 13-15 | 16-18 | 19-21 || total
-------------------------+-------+-------+-------+-------+-------+-------+-------++-------
Melee: Mace              |    17 |    29 |       |   256 |    52 |       |       ||   354
       Dagger            |       |    26 |   183 |       |    29 |   116 |       ||   354
       Spear             |       |       |    13 |       |       |       |       ||    13
       Punch             |       |       |     2 |       |       |       |       ||     2
       Staff             |       |       |       |     6 |       |       |       ||     6
       Whip              |       |       |       |       |    51 |       |       ||    51
       Flail             |       |       |       |       |       |    69 |    71 ||   140
 Fire: Sling             |       |    10 |       |       |       |       |       ||    10
       Shortbow          |       |       |       |    99 |   417 |   476 |   169 ||  1161
       Arbalest          |       |       |       |       |       |    21 |       ||    21
Throw: Dart              |       |       |       |     2 |       |       |       ||     2
 Cast: Magic Dart        |    39 |    18 |    10 |     1 |       |       |       ||    68
       Searing Ray       |     1 |    10 |    36 |    41 |     7 |     8 |     7 ||   110
       Sublimation of Bl |       |       |       |     9 |    42 |    14 |     1 ||    66
       Borgnjor's Vile C |       |       |       |    67 |   302 |   317 |   106 ||   792
       Dispel Undead     |       |       |       |       |     8 |     3 |     5 ||    16
       Vampiric Draining |       |       |       |       |       |       |     1 ||     1
Invok: Receive Forbidden |       |       |       |       |     1 |       |       ||     1
       Renounce Religion |       |       |       |       |     1 |       |       ||     1
       Potion Petition   |       |       |       |       |     1 |       |       ||     1
 Abil: Dig               |       |       |       |     6 |     4 |     2 |       ||    12
       Shaft Self        |       |       |       |       |       |     1 |       ||     1
Evoke: Wand              |       |       |       |       |     2 |       |       ||     2
  Use: Scroll            |       |       |       |     8 |     5 |     5 |     3 ||    21
       Potion            |       |       |       |       |     1 |     7 |       ||     8
 Stab: Sleeping          |     3 |     5 |     4 |       |     1 |     4 |       ||    17
       Distracted        |       |       |       |       |     1 |     2 |     2 ||     5
Armor: Robe              |     1 |    34 |    55 |     5 |       |       |       ||    95
       Steam dragon scal |       |       |       |    46 |       |       |       ||    46
       Ring mail         |       |       |       |    20 |       |       |       ||    20
       Troll leather arm |       |       |       |    50 |    69 |    75 |    32 ||   226
Dodge: Dodged            |    18 |    54 |   115 |   203 |   180 |   296 |    88 ||   954
Block: Kite shield       |       |       |    44 |   268 |   193 |   291 |    85 ||   881
